 Dungeon Crawl Stone Soup version 0.14-a0-2374-ge879b5e (webtiles) character file.

743 Medar the Charlatan (level 7, -1/43 HPs)
             Began as a Formicid Arcane Marksman on Feb 1, 2014.
             Was a Believer of Nemelex Xobeh.
             Slain by a hobgoblin (3 damage)
             ... on Level 5 of the Dungeon.
             The game lasted 00:19:10 (5900 turns).

Medar the Charlatan (Formicid Arcane Marksman)      Turns: 5900, Time: 00:19:11

HP  -1/43        AC 15     Str 18      XL: 7   Next: 64%
MP  18/22        EV  4     Int 12      God: Nemelex Xobeh [**....]
Gold 253         SH  0     Dex 12      Spells:  3 memorised,  3 levels left

rFire  + . .     SeeInvis +     a - +0,+1 orc morningstar
rCold  + . .     Clarity  .     C - +2 plate armour {MR+}
rNeg   + . .     Conserve .     (no shield)
rPois  .         rCorr    .     (helmet unavailable)
rElec  +         rRot     .     (no cloak)
SustAb . .       Spirit   .     j - +0 pair of gloves
rMut   .         Warding  +     (no boots)
Saprov . . .     Stasis   +     q - amulet of warding
MR     +....                    x - ring of magical power
                                l - +2 ring of dexterity

@: quite poisoned, somewhat resistant to hostile enchantments, extremely
unstealthy
A: permanent stasis, dig shafts and tunnels, four strong arms, poison weakness,
antennae 3, exoskeleton 1
a: Dig, Shaft Self, Draw One, Peek at Two, Renounce Religion


You were on level 5 of the Dungeon.
You worshipped Nemelex Xobeh.
Nemelex Xobeh was pleased with you.
You were not hungry.

You visited 1 branch of the dungeon, and saw 5 of its levels.

You collected 253 gold pieces.

Inventory:

Hand weapons
 a - a +0,+1 orcish morningstar (weapon)
 r - a +0,+0 flail of protection
 w - a +0,+0 short sword
 J - a +0,+0 war axe
Missiles
 b - 4 large rocks (quivered)
 c - 2 throwing nets
 g - 2 tomahawks
 i - 6 javelins
 y - 14 darts of frost
Armour
 j - a +0 pair of gloves (worn)
 C - a +2 plate armour of magic resistance (worn)
Magical devices
 A - a wand of lightning (10)
Comestibles
 f - 3 bread rations
 z - a meat ration
Scrolls
 e - a scroll of enchant weapon I {unknown}
 k - a scroll of curse armour {unknown}
 n - a scroll of curse weapon {unknown}
 o - a scroll of blinking {unknown}
 p - a scroll of fog {unknown}
 t - a scroll of amnesia
 u - 3 scrolls of remove curse
 v - 2 scrolls of magic mapping {unknown}
 I - a scroll of teleportation {unknown}
Jewellery
 l - a +2 ring of dexterity (left hand)
 q - an amulet of warding (around neck)
 x - a ring of magical power (right hand)
Potions
 m - 2 potions of restore abilities
 B - 2 potions of agility
 H - a potion of brilliance
Books
 d - a book of Debilitation

   Spells                             Type                      Level
   *Corona                            Hexes                        1
   *Slow                              Hexes                        2
   Inner Flame                        Hexes/Fire                   3
   Enslavement                        Hexes                        4
   *Cause Fear                        Hexes                        4
   Leda's Liquefaction                Hexes/Earth                  4
Miscellaneous
 h - a plain deck of summonings {drawn: 4}


   Skills:
 - Level 1.2 Fighting
 - Level 3.0 Throwing
 + Level 3.1 Armour
 - Level 1.7 Dodging
 - Level 2.0 Spellcasting
 - Level 4.7 Hexes
 - Level 5.5 Evocations


You had 3 spell levels left.
You knew the following spells:

 Your Spells              Type           Power        Failure   Level  Hunger
d - Slow                  Hex            ##......     100%        2    ###....
f - Cause Fear            Hex            ##........   100%        4    #####..
s - Corona                Hex            ##.....      100%        1    ##.....


Dungeon Overview and Level Annotations

Branches:
Dungeon (5/16)
 Temple: D:4-7

Altars:
Nemelex Xobeh


Innate Abilities, Weirdness & Mutations

Your are under a permanent stasis effect.
You can dig through walls and to a lower floor.
Your four strong arms can wield any weapon, most with a shield.
You are susceptible to poison.
You have a pair of large antennae on your head (SInv).
Your body is surrounded by an exoskeleton. (AC +1)


Message History

You feel a little better.
The brown ugly thing looks more healthy.
Your soldier ant stings the orc priest but does no damage.
The brown ugly thing pecks you but does no damage.
The orc priest calls upon Beogh to heal the orc priest.
The orc priest is healed somewhat.
The kobold shoots a poisoned needle.
The poisoned needle misses your soldier ant.
The poisoned needle hits you!
You are more poisoned.
The hobgoblin hits you but does no damage.
Drink which item? (? for menu, Esc to quit)
You feel protected.
It was a potion of resistance.
* * * LOW HITPOINT WARNING * * *
You feel sick.
Your soldier ant misses the orc priest.
The brown ugly thing tries to attack you, but flinches away.
Your soldier ant closely misses the brown ugly thing.
The hobgoblin hits you.
You die...
Your body glows slightly and disappears.

..........(.............
........................
##+#......................
.......)......<...........
.##...).K............?....
o'.....a.o................
###.....()..............
#>....o.o.au............
#.##...#..g@............
......o......#####....
#..............# ...
.....o.o......# ##
.............#
............# ...........#
........# ###


You could see a brown ugly thing, 2 orc priests, an orc wizard, 3 orcs, a
hobgoblin, a kobold, 2 friendly soldier ants and a friendly runed hammer.

Vanquished Creatures
  An ogre (D:4)
  A hound (D:4)
  An orc wizard (D:4)
  Jessica (D:2)
  4 adders
  A worm (D:2)
  6 giant geckos
  2 oozes (D:1)
  7 orcs
  2 ball pythons (D:3)
  17 bats
  A bat skeleton (D:4)
  5 goblins
  12 hobgoblins
  6 jackals (D:1)
  3 quokkas
  5 giant cockroaches
  5 giant newts
  9 kobolds
  An orc skeleton (D:3)
  12 rats
102 creatures vanquished.

Vanquished Creatures (collateral kills)
  A komodo dragon (D:4)
  Edmund (D:4)
  An ogre (D:5)
  An orc priest (D:2)
  An orc wizard (D:2)
  An iguana (D:5)
  A worker ant (D:4)
  An adder (D:4)
  A worm (D:5)
  An ooze (D:4)
  A giant gecko (D:4)
  4 orcs
  A kobold (D:3)
16 creatures vanquished.

Vanquished Creatures (others)
  A hound (D:4)
  A white imp (D:2)
2 creatures vanquished.

Grand Total: 120 creatures vanquished

Notes
Turn   | Place    | Note
--------------------------------------------------------------
     0 | D:1      | Medar, the Formicid Arcane Marksman, began the quest for the Orb.
     0 | D:1      | Reached XP level 1. HP: 13/13 MP: 2/2
   293 | D:1      | Reached skill level 4 in Hexes
   293 | D:1      | Reached XP level 2. HP: 18/18 MP: 1/3
   317 | D:1      | Learned a level 2 spell: Slow
   968 | D:1      | Reached XP level 3. HP: 20/23 MP: 2/4
  1621 | D:1      | Reached XP level 4. HP: 28/28 MP: 3/5
  2529 | D:2      | Reached XP level 5. HP: 30/33 MP: 4/7
  2581 | D:2      | Noticed Jessica
  2586 | D:2      | Killed Jessica
  2941 | D:3      | Reached skill level 1 in Armour
  3417 | D:3      | Found a sparkling altar of Nemelex Xobeh.
  3421 | D:3      | Became a worshipper of Nemelex Xobeh
  3483 | D:3      | Received a gift from Nemelex Xobeh
  3667 | D:3      | Acquired Nemelex Xobeh's first power
  4339 | D:2      | Reached skill level 1 in Evocations
  4343 | D:2      | Reached XP level 6. HP: 24/38 MP: 10/10
  4521 | D:4      | Acquired Nemelex Xobeh's second power
  4897 | D:4      | Noticed Edmund
  4919 | D:4      | Killed Edmund
  4961 | D:4      | Received a gift from Nemelex Xobeh
  5081 | D:4      | Learned a level 4 spell: Cause Fear
  5144 | D:4      | Noticed a komodo dragon
  5159 | D:4      | Killed a komodo dragon
  5613 | D:4      | Reached XP level 7. HP: 43/43 MP: 12/12
  5651 | D:4      | Noticed an ogre
  5656 | D:4      | Killed an ogre
  5656 | D:4      | Reached skill level 5 in Evocations
  5852 | D:5      | Entered Level 5 of the Dungeon
  5889 | D:5      | Noticed a brown ugly thing
  5900 | D:5      | HP: 2/43 [poisoned by a kobold]
  5900 | D:5      | Slain by a hobgoblin

Action                   |  1- 3 |  4- 6 |  7- 9 || total
-------------------------+-------+-------+-------++-------
Melee: Unarmed           |    12 |       |       ||    12
       Short sword       |    93 |   173 |       ||   266
       Flail             |       |    11 |       ||    11
       Morningstar       |       |    10 |    10 ||    20
Throw: Large rock        |    12 |    17 |     4 ||    33
       Javelin           |     4 |     8 |       ||    12
 Cast: Corona            |    31 |    35 |     1 ||    67
       Slow              |       |     5 |       ||     5
Invok: Draw One          |       |     6 |     4 ||    10
Evoke: Deck              |       |     5 |       ||     5
       Wand              |       |     1 |       ||     1
  Use: Scroll            |     2 |     5 |       ||     7
       Potion            |       |     2 |     1 ||     3
